[ AOE2 MATCH · #466000532 ]
UnrankedSpanish vs Vietnamese
Player's team · LOSS
[ REPLAY ANALYSIS · EXTRACTED FROM THE RECORDED GAME ]
Feudal
15:21
Castle
18:51
Imperial
—
| APM avg | 18.9 |
| APM peak | 79 |
| eAPM avg | 9.9 |
| Villagers / military | 131 / 36 |
Focus
⚔️ 23.3% · 🌾 76.7%
Conquistador ×22 · Fire Galley ×14 · Fishing Ship ×10 · Trade Cart ×1
Feudal
13:13
Castle
19:37
Imperial
34:45
| APM avg | 35.8 |
| APM peak | 105 |
| eAPM avg | 15.3 |
| Villagers / military | 149 / 262 |
Focus
⚔️ 46.4% · 🌾 53.6%
Battle Elephant ×209 · Scout Cavalry ×39 · Galley ×9 · Fishing Ship ×7 · Cannon Galleon ×4 · Transport Ship ×1
Feudal
15:24
Castle
18:56
Imperial
34:18
| APM avg | 17.5 |
| APM peak | 83 |
| eAPM avg | 12.5 |
| Villagers / military | 186 / 171 |
Focus
⚔️ 37.4% · 🌾 62.6%
Archer ×140 · Fishing Ship ×21 · Skirmisher ×14 · Bombard Cannon ×5 · Cannon Galleon ×4 · Monk ×3
Feudal
14:16
Castle
18:19
Imperial
31:01
| APM avg | 34.6 |
| APM peak | 101 |
| eAPM avg | 16.2 |
| Villagers / military | 121 / 709 |
Focus
⚔️ 32.1% · 🌾 67.9%
Cavalry Archer ×314 · Scout Cavalry ×245 · Skirmisher ×80 · Archer ×35 · Magyar Huszar ×32 · Trade Cart ×21
Feudal
14:12
Castle
17:42
Imperial
33:34
| APM avg | 33.6 |
| APM peak | 66 |
| eAPM avg | 23.3 |
| Villagers / military | 208 / 466 |
Focus
⚔️ 39.9% · 🌾 60.1%
Elephant Archer ×422 · Trade Cart ×19 · Monk ×12 · Galley ×10 · Fishing Ship ×8 · Archer ×7
Feudal
13:22
Castle
16:52
Imperial
31:42
| APM avg | 37.2 |
| APM peak | 87 |
| eAPM avg | 23.9 |
| Villagers / military | 186 / 362 |
Focus
⚔️ 51.4% · 🌾 48.6%
Mameluke ×274 · Mangonel ×40 · Battering Ram ×32 · Bombard Cannon ×7 · Fishing Ship ×5 · Trebuchet (Packed) ×3
Feudal
14:47
Castle
18:30
Imperial
35:00
| APM avg | 26.6 |
| APM peak | 60 |
| eAPM avg | 18.7 |
| Villagers / military | 197 / 906 |
Focus
⚔️ 42.8% · 🌾 57.2%
Woad Raider ×773 · Scorpion ×83 · Battering Ram ×25 · Spearman ×16 · Fishing Ship ×15 · Trade Cart ×13
Feudal
14:01
Castle
17:44
Imperial
29:37
| APM avg | 43.5 |
| APM peak | 156 |
| eAPM avg | 23.6 |
| Villagers / military | 139 / 905 |
Focus
⚔️ 53.3% · 🌾 46.7%
Scout Cavalry ×523 · Knight ×281 · Skirmisher ×81 · Trade Cart ×33 · Trebuchet (Packed) ×11 · Keshik ×8
Match map
Initial resources + every placement click. Lines = walls · curves = elevation contours. ◆ gold · ⬟ stone · ● berries · ✦ relic · ◌ wall gap
Inputs per minute
— Moshaaa - - Iguanarama
Build order — Moshaaa
First 150 of 305 actions detected
| 1:08 | Build | Town Center |
| 1:22 | Build | House |
| 2:52 | Create | Villager (Male) |
| 2:53 | Create | Villager (Male) |
| 2:53 | Create | Villager (Male) |
| 2:53 | Create | Villager (Male) |
| 2:58 | Build | Dock |
| 4:13 | Create | Fishing Ship |
| 4:40 | Create | Villager (Male) |
| 4:45 | Build | House |
| 5:03 | Create | Villager (Male) |
| 5:28 | Create | Villager (Male) |
| 5:47 | Create | Villager (Male) |
| 5:59 | Build | House |
| 6:20 | Create | Villager (Male) |
| 6:21 | Create | Fishing Ship |
| 6:46 | Create | Villager (Male) |
| 7:00 | Create | Fishing Ship |
| 7:13 | Create | Villager (Male) |
| 7:21 | Build | Mill |
| 7:38 | Build | House |
| 7:42 | Create | Villager (Male) |
| 7:43 | Create | Villager (Male) |
| 7:58 | Build | House |
| 8:11 | Create | Villager (Male) |
| 8:18 | Create | Fishing Ship |
| 8:18 | Create | Fishing Ship |
| 8:34 | Create | Villager (Male) |
| 8:41 | Create | Villager (Male) |
| 8:41 | Create | Villager (Male) |
| 8:42 | Create | Fishing Ship |
| 9:06 | Create | Villager (Male) |
| 9:09 | Create | Fishing Ship |
| 9:09 | Create | Fishing Ship |
| 9:30 | Create | Villager (Male) |
| 9:46 | Build | Mill |
| 9:53 | Create | Villager (Male) |
| 10:03 | Build | House |
| 10:06 | Create | Villager (Male) |
| 10:27 | Build | House |
| 10:42 | Create | Villager (Male) |
| 10:43 | Create | Villager (Male) |
| 10:54 | Build | House |
| 10:55 | Create | Fishing Ship |
| 11:24 | Build | Palisade Wall |
| 11:27 | Create | Villager (Male) |
| 11:35 | Create | Fishing Ship |
| 11:52 | Create | Villager (Male) |
| 12:12 | Build | Mining Camp |
| 12:15 | Research | Loom |
| 12:16 | Research | Feudal Age |
| 12:36 | Build | Mining Camp |
| 13:49 | Build | Palisade Wall |
| 13:55 | Create | Villager (Male) |
| 13:56 | Create | Villager (Male) |
| 13:57 | Build | House |
| 15:21 | Age | Feudal Age |
| 15:22 | Build | Market |
| 15:24 | Build | Blacksmith |
| 15:26 | Build | House |
| 15:35 | Build | Lumber Camp |
| 16:07 | Research | Castle Age |
| 16:26 | Research | Double-Bit Axe |
| 16:27 | Research | Double-Bit Axe |
| 16:27 | Research | Horse Collar |
| 16:27 | Research | Horse Collar |
| 16:51 | Create | Villager (Male) |
| 17:11 | Research | Stone Mining |
| 17:37 | Build | Palisade Wall |
| 17:38 | Build | Palisade Wall |
| 17:41 | Build | Palisade Wall |
| 17:42 | Build | Palisade Wall |
| 17:44 | Build | Palisade Wall |
| 18:51 | Age | Castle Age |
| 18:55 | Build | Castle |
| 19:03 | Create | Villager (Male) |
| 19:20 | Build | Town Center |
| 19:30 | Research | Bow Saw |
| 19:31 | Research | Heavy Plow |
| 19:31 | Research | Heavy Plow |
| 19:33 | Create | Villager (Male) |
| 19:44 | Research | Gold Mining |
| 19:54 | Create | Villager (Male) |
| 20:31 | Create | Villager (Male) |
| 20:31 | Create | Villager (Male) |
| 20:50 | Create | Villager (Male) |
| 20:59 | Build | Town Center |
| 21:05 | Create | Villager (Male) |
| 21:05 | Create | Villager (Male) |
| 21:07 | Create | Conquistador |
| 21:07 | Create | Conquistador |
| 21:13 | Research | Fletching |
| 21:28 | Create | Villager (Male) |
| 21:29 | Create | Villager (Male) |
| 21:29 | Create | Villager (Male) |
| 21:35 | Create | Conquistador |
| 21:53 | Create | Villager (Male) |
| 22:00 | Create | Conquistador |
| 22:16 | Create | Villager (Male) |
| 22:16 | Create | Villager (Male) |
| 22:18 | Create | Conquistador |
| 22:28 | Create | Villager (Male) |
| 22:28 | Create | Villager (Male) |
| 22:38 | Create | Conquistador |
| 22:42 | Research | Bodkin Arrow |
| 23:04 | Build | Farm |
| 23:05 | Build | Farm |
| 23:05 | Build | Farm |
| 23:05 | Build | Farm |
| 23:05 | Build | Farm |
| 23:13 | Create | Villager (Male) |
| 23:17 | Create | Conquistador |
| 23:23 | Create | Villager (Male) |
| 23:25 | Create | Villager (Male) |
| 23:34 | Create | Conquistador |
| 23:43 | Build | House |
| 23:44 | Build | House |
| 23:44 | Build | House |
| 23:44 | Build | House |
| 23:49 | Create | Conquistador |
| 24:00 | Create | Conquistador |
| 24:13 | Create | Conquistador |
| 24:35 | Create | Villager (Male) |
| 24:36 | Create | Villager (Male) |
| 24:36 | Create | Villager (Male) |
| 24:37 | Create | Villager (Male) |
| 24:37 | Create | Villager (Male) |
| 24:40 | Build | Farm |
| 24:40 | Build | Farm |
| 24:41 | Build | Farm |
| 24:43 | Create | Villager (Male) |
| 24:51 | Build | Lumber Camp |
| 24:53 | Create | Villager (Male) |
| 25:03 | Create | Conquistador |
| 25:03 | Create | Conquistador |
| 25:19 | Create | Villager (Male) |
| 25:42 | Create | Villager (Male) |
| 25:42 | Create | Villager (Male) |
| 25:44 | Create | Conquistador |
| 25:44 | Create | Conquistador |
| 25:45 | Create | Villager (Male) |
| 26:01 | Create | Villager (Male) |
| 26:04 | Build | Farm |
| 26:06 | Build | Farm |
| 26:06 | Build | Farm |
| 26:12 | Create | Villager (Male) |
| 26:16 | Build | Lumber Camp |
| 26:23 | Create | Villager (Male) |
| 26:25 | Build | House |
| 26:26 | Build | House |
Build order — Iguanarama
First 150 of 647 actions detected
| 0:47 | Build | Dock |
| 1:17 | Build | Town Center |
| 2:22 | Build | House |
| 3:27 | Create | Villager (Male) |
| 3:28 | Create | Villager (Male) |
| 3:28 | Create | Villager (Male) |
| 3:28 | Create | Villager (Male) |
| 3:28 | Create | Villager (Male) |
| 4:37 | Create | Fishing Ship |
| 5:20 | Create | Fishing Ship |
| 5:21 | Create | Villager (Male) |
| 5:53 | Build | House |
| 6:03 | Research | Loom |
| 6:23 | Create | Villager (Male) |
| 6:28 | Create | Fishing Ship |
| 6:47 | Create | Villager (Male) |
| 7:00 | Create | Fishing Ship |
| 7:15 | Create | Villager (Male) |
| 7:35 | Create | Villager (Male) |
| 7:47 | Create | Fishing Ship |
| 7:48 | Create | Fishing Ship |
| 8:01 | Create | Villager (Male) |
| 8:18 | Create | Villager (Male) |
| 8:38 | Build | House |
| 9:00 | Create | Villager (Male) |
| 9:00 | Create | Villager (Male) |
| 9:32 | Build | Mill |
| 9:39 | Create | Fishing Ship |
| 9:56 | Create | Villager (Male) |
| 10:51 | Create | Villager (Male) |
| 10:51 | Create | Villager (Male) |
| 10:54 | Build | House |
| 11:03 | Research | Feudal Age |
| 12:48 | Create | Villager (Male) |
| 12:48 | Create | Villager (Male) |
| 13:08 | Build | Dock |
| 13:13 | Age | Feudal Age |
| 13:21 | Build | Blacksmith |
| 13:47 | Create | Villager (Male) |
| 14:02 | Create | Galley |
| 14:15 | Build | Market |
| 14:20 | Create | Villager (Male) |
| 14:53 | Create | Galley |
| 14:54 | Create | Villager (Male) |
| 15:10 | Create | Villager (Male) |
| 15:11 | Create | Galley |
| 15:16 | Research | Fletching |
| 15:26 | Create | Villager (Male) |
| 15:29 | Create | Galley |
| 15:51 | Create | Villager (Male) |
| 16:04 | Create | Galley |
| 16:08 | Build | House |
| 16:57 | Research | Castle Age |
| 17:17 | Create | Villager (Male) |
| 19:37 | Age | Castle Age |
| 19:40 | Research | War Galley (upgrade) |
| 19:41 | Research | Tech 906 |
| 19:44 | Research | Bodkin Arrow |
| 19:45 | Create | Villager (Male) |
| 19:45 | Create | Villager (Male) |
| 19:49 | Build | Town Center |
| 19:59 | Build | Town Center |
| 20:04 | Create | Galley |
| 20:04 | Create | Galley |
| 20:05 | Create | Villager (Male) |
| 20:43 | Research | Gillnets |
| 20:52 | Build | House |
| 20:52 | Build | House |
| 20:53 | Build | House |
| 20:59 | Create | Villager (Male) |
| 21:00 | Research | Wheelbarrow |
| 21:25 | Build | Farm |
| 21:25 | Build | Farm |
| 21:25 | Build | Farm |
| 21:31 | Create | Villager (Male) |
| 21:31 | Create | Villager (Male) |
| 21:41 | Create | Villager (Male) |
| 21:53 | Build | Farm |
| 21:55 | Build | Farm |
| 22:01 | Build | Farm |
| 22:18 | Create | Villager (Male) |
| 22:35 | Create | Villager (Male) |
| 23:01 | Create | Villager (Male) |
| 23:06 | Create | Galley |
| 23:06 | Create | Galley |
| 23:08 | Create | Villager (Male) |
| 23:08 | Create | Villager (Male) |
| 23:13 | Build | Farm |
| 23:16 | Build | Farm |
| 23:34 | Create | Villager (Male) |
| 23:35 | Create | Villager (Male) |
| 23:35 | Create | Villager (Male) |
| 24:01 | Create | Villager (Male) |
| 24:01 | Create | Villager (Male) |
| 24:07 | Build | Mill |
| 24:09 | Create | Villager (Male) |
| 24:13 | Build | Farm |
| 24:25 | Create | Villager (Male) |
| 24:25 | Create | Villager (Male) |
| 24:25 | Create | Villager (Male) |
| 24:29 | Build | Farm |
| 24:33 | Build | Farm |
| 24:35 | Build | Farm |
| 24:38 | Build | Farm |
| 24:50 | Create | Villager (Male) |
| 24:50 | Create | Villager (Male) |
| 25:07 | Create | Villager (Male) |
| 25:11 | Build | Farm |
| 25:14 | Build | Farm |
| 25:15 | Build | Farm |
| 25:18 | Build | Mining Camp |
| 25:19 | Create | Villager (Male) |
| 25:24 | Build | Farm |
| 25:27 | Build | Farm |
| 25:28 | Create | Villager (Male) |
| 25:29 | Create | Villager (Male) |
| 25:43 | Research | Horse Collar |
| 25:48 | Build | Farm |
| 25:49 | Build | Farm |
| 25:52 | Build | Farm |
| 25:55 | Create | Villager (Male) |
| 25:59 | Build | Farm |
| 26:04 | Build | Farm |
| 26:09 | Create | Villager (Male) |
| 26:09 | Create | Villager (Male) |
| 26:14 | Build | House |
| 26:18 | Build | House |
| 26:19 | Build | House |
| 26:20 | Build | House |
| 26:23 | Research | Heavy Plow |
| 26:41 | Build | Lumber Camp |
| 26:47 | Create | Villager (Male) |
| 26:47 | Create | Villager (Male) |
| 26:48 | Create | Villager (Male) |
| 26:49 | Create | Villager (Male) |
| 26:50 | Create | Villager (Male) |
| 27:05 | Build | Barracks |
| 27:08 | Create | Villager (Male) |
| 27:17 | Build | Farm |
| 27:24 | Research | Double-Bit Axe |
| 27:26 | Create | Villager (Male) |
| 27:26 | Create | Villager (Male) |
| 27:27 | Create | Villager (Male) |
| 27:38 | Create | Villager (Male) |
| 27:38 | Create | Villager (Male) |
| 27:41 | Research | Scale Barding Armor |
| 27:54 | Build | Mill |
| 27:56 | Research | Bow Saw |
| 28:04 | Build | Farm |
| 28:04 | Create | Villager (Male) |
Build order — MythicKilobyte
First 150 of 530 actions detected
| 1:16 | Build | Town Center |
| 2:33 | Build | House |
| 2:35 | Build | House |
| 2:43 | Build | Dock |
| 2:54 | Create | Villager (Male) |
| 2:54 | Create | Villager (Male) |
| 2:54 | Create | Villager (Male) |
| 3:53 | Create | Villager (Male) |
| 3:53 | Create | Villager (Male) |
| 3:53 | Create | Villager (Male) |
| 4:24 | Create | Villager (Male) |
| 4:24 | Create | Villager (Male) |
| 4:24 | Create | Villager (Male) |
| 4:56 | Create | Fishing Ship |
| 4:56 | Create | Fishing Ship |
| 4:56 | Create | Fishing Ship |
| 5:21 | Create | Villager (Male) |
| 5:21 | Create | Villager (Male) |
| 5:21 | Create | Villager (Male) |
| 5:30 | Research | Loom |
| 5:52 | Create | Fishing Ship |
| 5:52 | Create | Fishing Ship |
| 5:52 | Create | Fishing Ship |
| 6:16 | Create | Villager (Male) |
| 6:16 | Create | Villager (Male) |
| 6:16 | Create | Villager (Male) |
| 6:28 | Create | Fishing Ship |
| 6:28 | Create | Fishing Ship |
| 6:28 | Create | Fishing Ship |
| 6:55 | Create | Villager (Male) |
| 6:55 | Create | Villager (Male) |
| 6:55 | Create | Villager (Male) |
| 7:09 | Create | Villager (Male) |
| 7:09 | Create | Villager (Male) |
| 7:09 | Create | Villager (Male) |
| 7:12 | Create | Fishing Ship |
| 7:12 | Create | Fishing Ship |
| 7:12 | Create | Fishing Ship |
| 7:32 | Build | House |
| 7:34 | Build | House |
| 7:52 | Create | Villager (Male) |
| 7:52 | Create | Villager (Male) |
| 7:52 | Create | Villager (Male) |
| 8:10 | Create | Fishing Ship |
| 8:10 | Create | Fishing Ship |
| 8:10 | Create | Fishing Ship |
| 8:16 | Create | Villager (Male) |
| 8:16 | Create | Villager (Male) |
| 8:28 | Build | House |
| 8:34 | Create | Villager (Male) |
| 8:34 | Create | Villager (Male) |
| 8:34 | Create | Villager (Male) |
| 8:55 | Create | Villager (Male) |
| 8:55 | Create | Villager (Male) |
| 9:12 | Build | House |
| 9:19 | Create | Villager (Male) |
| 9:19 | Create | Villager (Male) |
| 9:19 | Create | Villager (Male) |
| 9:20 | Create | Fishing Ship |
| 9:20 | Create | Fishing Ship |
| 9:20 | Create | Fishing Ship |
| 9:53 | Build | Palisade Wall |
| 10:02 | Create | Villager (Male) |
| 10:02 | Create | Villager (Male) |
| 10:02 | Create | Villager (Male) |
| 10:10 | Create | Villager (Male) |
| 10:10 | Create | Villager (Male) |
| 10:10 | Create | Villager (Male) |
| 10:38 | Create | Fishing Ship |
| 10:38 | Create | Fishing Ship |
| 10:38 | Create | Fishing Ship |
| 10:57 | Build | House |
| 11:09 | Create | Villager (Male) |
| 11:09 | Create | Villager (Male) |
| 11:09 | Create | Villager (Male) |
| 11:38 | Build | Mining Camp |
| 12:03 | Create | Villager (Male) |
| 12:03 | Create | Villager (Male) |
| 12:03 | Create | Villager (Male) |
| 12:22 | Build | House |
| 12:23 | Build | House |
| 13:04 | Research | Feudal Age |
| 13:08 | Build | Barracks |
| 13:52 | Build | Mill |
| 14:40 | Create | Villager (Male) |
| 14:40 | Create | Villager (Male) |
| 15:24 | Age | Feudal Age |
| 15:28 | Build | Archery Range |
| 15:32 | Build | Blacksmith |
| 15:46 | Build | Lumber Camp |
| 16:16 | Research | Castle Age |
| 16:23 | Research | Double-Bit Axe |
| 16:34 | Create | Unit 2626 |
| 17:10 | Create | Unit 2626 |
| 17:25 | Create | Archer |
| 17:25 | Create | Archer |
| 17:25 | Create | Archer |
| 18:04 | Create | Unit 2626 |
| 18:27 | Research | Forging |
| 18:29 | Create | Villager (Male) |
| 18:29 | Create | Villager (Male) |
| 18:29 | Create | Villager (Male) |
| 18:54 | Create | Archer |
| 18:54 | Create | Archer |
| 18:54 | Create | Archer |
| 18:56 | Age | Castle Age |
| 19:00 | Create | Villager (Male) |
| 19:00 | Create | Villager (Male) |
| 19:00 | Create | Villager (Male) |
| 19:09 | Build | Town Center |
| 19:16 | Research | Bow Saw |
| 19:45 | Create | Archer |
| 19:45 | Create | Archer |
| 19:45 | Create | Archer |
| 20:08 | Create | Villager (Male) |
| 20:08 | Create | Villager (Male) |
| 20:37 | Build | Lumber Camp |
| 20:39 | Create | Villager (Male) |
| 20:39 | Create | Villager (Male) |
| 20:39 | Create | Villager (Male) |
| 21:03 | Build | University |
| 21:06 | Build | House |
| 21:07 | Build | House |
| 21:08 | Build | House |
| 21:13 | Create | Archer |
| 21:13 | Create | Archer |
| 21:13 | Create | Archer |
| 21:38 | Create | Archer |
| 21:38 | Create | Archer |
| 21:38 | Create | Archer |
| 21:46 | Research | Town Watch |
| 21:56 | Research | Fletching |
| 22:04 | Create | Villager (Male) |
| 22:04 | Create | Villager (Male) |
| 22:04 | Create | Villager (Male) |
| 22:28 | Create | Archer |
| 22:28 | Create | Archer |
| 22:28 | Create | Archer |
| 22:41 | Research | Ballistics |
| 22:49 | Build | Mining Camp |
| 22:56 | Create | Villager (Male) |
| 22:56 | Create | Villager (Male) |
| 22:56 | Create | Villager (Male) |
| 23:01 | Research | Horse Collar |
| 23:10 | Research | Crossbowman (upgrade) |
| 23:15 | Research | Bodkin Arrow |
| 23:42 | Create | Villager (Male) |
| 23:42 | Create | Villager (Male) |
| 23:42 | Create | Villager (Male) |
| 23:53 | Build | Town Center |
Build order — Snrcrackles
First 150 of 476 actions detected
| 1:14 | Build | Town Center |
| 2:14 | Build | House |
| 2:55 | Create | Villager (Male) |
| 3:06 | Build | Dock |
| 3:10 | Create | Villager (Male) |
| 3:11 | Create | Villager (Male) |
| 3:11 | Create | Villager (Male) |
| 4:14 | Build | House |
| 4:29 | Create | Villager (Male) |
| 4:57 | Research | Loom |
| 5:16 | Create | Fishing Ship |
| 5:22 | Create | Villager (Male) |
| 5:47 | Create | Villager (Male) |
| 6:04 | Create | Villager (Male) |
| 6:23 | Build | House |
| 6:29 | Create | Villager (Male) |
| 6:52 | Create | Villager (Male) |
| 6:55 | Create | Fishing Ship |
| 7:19 | Create | Villager (Male) |
| 7:23 | Build | House |
| 7:41 | Create | Villager (Male) |
| 7:55 | Build | Mill |
| 7:58 | Create | Villager (Male) |
| 8:30 | Create | Villager (Male) |
| 8:49 | Create | Fishing Ship |
| 9:08 | Create | Villager (Male) |
| 9:18 | Create | Villager (Male) |
| 9:22 | Build | House |
| 9:31 | Create | Villager (Male) |
| 9:35 | Build | Lumber Camp |
| 9:36 | Create | Villager (Male) |
| 10:43 | Create | Villager (Male) |
| 11:01 | Build | Mill |
| 11:05 | Create | Villager (Male) |
| 11:41 | Create | Villager (Male) |
| 11:44 | Build | Mining Camp |
| 11:51 | Research | Feudal Age |
| 13:17 | Build | House |
| 14:16 | Age | Feudal Age |
| 14:18 | Create | Villager (Male) |
| 14:18 | Create | Villager (Male) |
| 14:32 | Build | Blacksmith |
| 14:38 | Build | Market |
| 15:05 | Build | Mill |
| 15:07 | Create | Villager (Male) |
| 15:39 | Research | Castle Age |
| 16:00 | Research | Double-Bit Axe |
| 16:41 | Build | House |
| 17:06 | Build | Farm |
| 17:08 | Build | Farm |
| 17:09 | Research | Horse Collar |
| 17:14 | Build | Farm |
| 18:14 | Create | Villager (Male) |
| 18:14 | Create | Villager (Male) |
| 18:19 | Age | Castle Age |
| 18:24 | Build | Town Center |
| 18:47 | Create | Villager (Male) |
| 18:56 | Research | Fletching |
| 18:58 | Create | Villager (Male) |
| 19:09 | Create | Villager (Male) |
| 19:31 | Build | Town Center |
| 19:42 | Research | Bow Saw |
| 19:44 | Create | Villager (Male) |
| 19:45 | Build | Lumber Camp |
| 20:01 | Build | House |
| 20:03 | Create | Villager (Male) |
| 20:03 | Create | Villager (Male) |
| 20:06 | Create | Villager (Male) |
| 20:07 | Create | Villager (Male) |
| 20:09 | Build | Farm |
| 20:11 | Build | Farm |
| 20:13 | Build | Farm |
| 20:15 | Build | Farm |
| 20:16 | Research | Heavy Plow |
| 20:21 | Create | Villager (Male) |
| 20:23 | Create | Villager (Male) |
| 20:23 | Create | Villager (Male) |
| 20:25 | Build | House |
| 20:49 | Build | Farm |
| 20:54 | Build | House |
| 20:59 | Build | Farm |
| 21:01 | Create | Villager (Male) |
| 21:05 | Build | Farm |
| 21:07 | Build | Farm |
| 21:10 | Create | Villager (Male) |
| 21:22 | Build | House |
| 21:26 | Build | House |
| 21:33 | Build | Farm |
| 21:34 | Create | Villager (Male) |
| 21:37 | Build | Farm |
| 21:41 | Build | Farm |
| 21:46 | Build | Farm |
| 21:49 | Build | Farm |
| 21:51 | Build | Farm |
| 21:52 | Create | Villager (Male) |
| 21:52 | Create | Villager (Male) |
| 22:04 | Build | House |
| 22:04 | Build | House |
| 22:06 | Build | House |
| 22:10 | Create | Villager (Male) |
| 22:11 | Create | Villager (Male) |
| 22:11 | Create | Villager (Male) |
| 22:31 | Create | Villager (Male) |
| 22:44 | Create | Villager (Male) |
| 22:44 | Create | Villager (Male) |
| 22:49 | Create | Villager (Male) |
| 22:49 | Create | Villager (Male) |
| 23:02 | Create | Villager (Male) |
| 23:02 | Create | Villager (Male) |
| 23:04 | Create | Villager (Male) |
| 23:04 | Create | Villager (Male) |
| 23:07 | Build | Mining Camp |
| 23:17 | Create | Villager (Male) |
| 23:17 | Create | Villager (Male) |
| 23:21 | Create | Villager (Male) |
| 23:26 | Create | Villager (Male) |
| 23:40 | Create | Villager (Male) |
| 23:40 | Create | Villager (Male) |
| 23:50 | Create | Villager (Male) |
| 23:50 | Create | Villager (Male) |
| 23:57 | Build | Farm |
| 23:58 | Build | Farm |
| 23:59 | Build | Farm |
| 24:00 | Create | Villager (Male) |
| 24:03 | Build | Farm |
| 24:04 | Build | Farm |
| 24:06 | Build | Farm |
| 24:07 | Build | Farm |
| 24:10 | Create | Villager (Male) |
| 24:11 | Build | Farm |
| 24:12 | Create | Villager (Male) |
| 24:18 | Create | Villager (Male) |
| 24:18 | Create | Villager (Male) |
| 24:20 | Create | Villager (Male) |
| 24:27 | Build | Barracks |
| 24:37 | Create | Villager (Male) |
| 24:38 | Create | Villager (Male) |
| 24:50 | Create | Villager (Male) |
| 24:50 | Create | Villager (Male) |
| 25:01 | Build | Farm |
| 25:04 | Build | Farm |
| 25:08 | Build | Farm |
| 25:09 | Build | Farm |
| 25:11 | Build | Farm |
| 25:12 | Create | Villager (Male) |
| 25:17 | Build | Farm |
| 25:19 | Build | Farm |
| 25:20 | Build | Farm |
| 25:28 | Create | Villager (Male) |
| 25:36 | Build | Mining Camp |
Build order — hannah
First 150 of 843 actions detected
| 1:06 | Build | Town Center |
| 1:20 | Build | House |
| 2:47 | Create | Villager (Male) |
| 2:47 | Create | Villager (Male) |
| 2:48 | Create | Villager (Male) |
| 2:48 | Create | Villager (Male) |
| 2:48 | Create | Villager (Male) |
| 3:26 | Build | Dock |
| 4:14 | Create | Fishing Ship |
| 4:26 | Research | Loom |
| 4:44 | Create | Villager (Male) |
| 5:13 | Create | Villager (Male) |
| 5:43 | Create | Villager (Male) |
| 6:09 | Create | Villager (Male) |
| 6:21 | Build | House |
| 6:32 | Create | Villager (Male) |
| 6:54 | Create | Villager (Male) |
| 6:58 | Create | Fishing Ship |
| 6:58 | Create | Fishing Ship |
| 7:18 | Create | Villager (Male) |
| 7:36 | Build | House |
| 7:43 | Create | Villager (Male) |
| 7:47 | Create | Fishing Ship |
| 7:52 | Create | Villager (Male) |
| 8:21 | Create | Villager (Male) |
| 8:22 | Create | Villager (Male) |
| 8:40 | Create | Fishing Ship |
| 8:51 | Create | Villager (Male) |
| 9:03 | Build | Mill |
| 9:05 | Create | Villager (Male) |
| 9:11 | Build | House |
| 9:45 | Create | Fishing Ship |
| 9:48 | Create | Villager (Male) |
| 10:16 | Create | Villager (Male) |
| 10:22 | Build | House |
| 10:23 | Create | Fishing Ship |
| 11:03 | Create | Villager (Male) |
| 11:24 | Build | House |
| 11:28 | Create | Fishing Ship |
| 11:28 | Create | Villager (Male) |
| 11:30 | Build | House |
| 11:59 | Build | Mining Camp |
| 12:02 | Research | Feudal Age |
| 12:09 | Build | House |
| 12:22 | Build | House |
| 12:37 | Build | House |
| 12:48 | Build | House |
| 13:40 | Create | Villager (Male) |
| 13:41 | Create | Villager (Male) |
| 14:12 | Age | Feudal Age |
| 14:15 | Build | Market |
| 14:17 | Build | Blacksmith |
| 14:32 | Build | Dock |
| 14:49 | Build | Lumber Camp |
| 15:02 | Research | Castle Age |
| 15:03 | Research | Castle Age |
| 15:24 | Build | House |
| 16:04 | Research | Fletching |
| 16:22 | Create | Galley |
| 16:23 | Create | Galley |
| 16:48 | Research | Double-Bit Axe |
| 16:49 | Research | Horse Collar |
| 17:11 | Build | Dock |
| 17:19 | Create | Galley |
| 17:23 | Create | Villager (Male) |
| 17:42 | Age | Castle Age |
| 17:45 | Build | University |
| 17:53 | Research | War Galley (upgrade) |
| 17:59 | Research | Bodkin Arrow |
| 18:00 | Create | Villager (Male) |
| 18:03 | Research | Bow Saw |
| 18:07 | Create | Galley |
| 18:09 | Create | Villager (Male) |
| 18:21 | Create | Galley |
| 18:21 | Create | Galley |
| 18:22 | Create | Villager (Male) |
| 18:53 | Research | Tech 908 |
| 18:54 | Create | Villager (Male) |
| 18:55 | Create | Galley |
| 18:55 | Create | Galley |
| 19:04 | Create | Villager (Male) |
| 19:17 | Create | Galley |
| 19:18 | Create | Villager (Male) |
| 19:30 | Create | Galley |
| 19:31 | Create | Villager (Male) |
| 19:51 | Create | Fire Galley |
| 19:52 | Create | Fire Galley |
| 20:10 | Create | Villager (Male) |
| 20:35 | Build | Town Center |
| 20:55 | Create | Villager (Male) |
| 20:58 | Build | Monastery |
| 21:07 | Create | Fire Galley |
| 21:12 | Build | House |
| 21:14 | Build | House |
| 21:32 | Create | Villager (Male) |
| 21:36 | Create | Villager (Male) |
| 21:50 | Create | Villager (Male) |
| 21:53 | Research | Sanctity |
| 21:57 | Build | Monastery |
| 21:58 | Create | Villager (Male) |
| 22:11 | Build | Town Center |
| 22:14 | Create | Villager (Male) |
| 22:16 | Create | Villager (Male) |
| 22:20 | Create | Villager (Male) |
| 22:31 | Create | Villager (Male) |
| 22:42 | Build | Farm |
| 22:52 | Build | Lumber Camp |
| 22:58 | Create | Monk |
| 23:02 | Build | Mining Camp |
| 23:10 | Create | Villager (Male) |
| 23:34 | Build | Farm |
| 23:35 | Create | Villager (Male) |
| 23:39 | Create | Monk |
| 23:39 | Create | Monk |
| 24:06 | Build | Farm |
| 24:10 | Create | Villager (Male) |
| 24:10 | Create | Villager (Male) |
| 24:12 | Create | Villager (Male) |
| 24:35 | Create | Villager (Male) |
| 24:38 | Build | Fish Trap |
| 24:43 | Build | Fish Trap |
| 24:43 | Create | Villager (Male) |
| 24:45 | Build | Fish Trap |
| 24:47 | Build | Fish Trap |
| 24:49 | Build | Fish Trap |
| 24:50 | Create | Monk |
| 24:50 | Create | Monk |
| 24:51 | Create | Villager (Male) |
| 24:54 | Build | Farm |
| 24:55 | Create | Villager (Male) |
| 24:58 | Build | Farm |
| 24:59 | Create | Villager (Male) |
| 25:06 | Create | Villager (Male) |
| 25:07 | Build | Farm |
| 25:07 | Create | Villager (Male) |
| 25:09 | Create | Villager (Male) |
| 25:11 | Create | Monk |
| 25:15 | Create | Villager (Male) |
| 25:24 | Build | Farm |
| 25:28 | Build | House |
| 25:34 | Build | House |
| 25:35 | Build | House |
| 25:35 | Create | Villager (Male) |
| 25:43 | Build | Fish Trap |
| 25:47 | Build | Fish Trap |
| 25:49 | Build | House |
| 25:51 | Build | House |
| 25:52 | Create | Villager (Male) |
| 26:02 | Create | Villager (Male) |
| 26:07 | Build | House |
Build order — Player_3
First 150 of 697 actions detected
| 0:45 | Build | Dock |
| 0:47 | Build | House |
| 1:13 | Build | Town Center |
| 2:58 | Create | Villager (Male) |
| 2:58 | Create | Villager (Male) |
| 2:59 | Create | Villager (Male) |
| 2:59 | Create | Villager (Male) |
| 3:46 | Create | Fishing Ship |
| 4:10 | Build | House |
| 4:41 | Research | Loom |
| 5:04 | Create | Fishing Ship |
| 5:10 | Create | Villager (Male) |
| 5:37 | Create | Villager (Male) |
| 6:05 | Build | House |
| 6:09 | Build | House |
| 6:12 | Create | Villager (Male) |
| 6:29 | Create | Villager (Male) |
| 6:38 | Create | Fishing Ship |
| 6:54 | Create | Villager (Male) |
| 7:00 | Create | Villager (Male) |
| 7:27 | Create | Villager (Male) |
| 7:47 | Create | Villager (Male) |
| 8:02 | Create | Villager (Male) |
| 8:09 | Build | House |
| 8:24 | Create | Fishing Ship |
| 8:30 | Build | House |
| 8:32 | Create | Villager (Male) |
| 8:37 | Create | Fishing Ship |
| 8:49 | Create | Villager (Male) |
| 9:09 | Create | Villager (Male) |
| 9:10 | Create | Villager (Male) |
| 9:24 | Build | Mill |
| 9:25 | Create | Villager (Male) |
| 10:05 | Build | Mining Camp |
| 11:02 | Build | House |
| 11:05 | Research | Feudal Age |
| 11:56 | Build | House |
| 11:58 | Build | Palisade Wall |
| 11:58 | Build | Palisade Wall |
| 11:58 | Build | Palisade Wall |
| 11:59 | Build | Palisade Wall |
| 12:24 | Create | Villager (Male) |
| 12:24 | Create | Villager (Male) |
| 13:22 | Age | Feudal Age |
| 13:24 | Build | Market |
| 13:26 | Build | Blacksmith |
| 14:11 | Build | Lumber Camp |
| 14:12 | Research | Castle Age |
| 14:37 | Research | Double-Bit Axe |
| 15:26 | Create | Villager (Male) |
| 16:08 | Research | Town Watch |
| 16:42 | Create | Villager (Male) |
| 16:52 | Age | Castle Age |
| 16:59 | Build | Town Center |
| 17:08 | Research | Bow Saw |
| 17:15 | Create | Fire Galley |
| 17:20 | Create | Villager (Male) |
| 17:28 | Build | Town Center |
| 17:33 | Build | Town Center |
| 17:35 | Create | Villager (Male) |
| 17:48 | Create | Villager (Male) |
| 18:09 | Create | Villager (Male) |
| 19:03 | Build | Town Center |
| 19:10 | Create | Villager (Male) |
| 19:11 | Create | Villager (Male) |
| 19:11 | Create | Villager (Male) |
| 19:17 | Create | Villager (Male) |
| 19:28 | Create | Villager (Male) |
| 19:52 | Create | Villager (Male) |
| 19:55 | Create | Villager (Male) |
| 19:55 | Create | Villager (Male) |
| 20:04 | Create | Fire Galley |
| 20:05 | Create | Villager (Male) |
| 20:07 | Create | Villager (Male) |
| 20:13 | Create | Villager (Male) |
| 20:18 | Create | Villager (Male) |
| 20:23 | Build | House |
| 20:24 | Build | House |
| 20:24 | Build | House |
| 20:25 | Build | House |
| 20:26 | Create | Villager (Male) |
| 20:43 | Create | Villager (Male) |
| 20:44 | Create | Villager (Male) |
| 20:45 | Create | Villager (Male) |
| 20:58 | Create | Villager (Male) |
| 21:11 | Create | Villager (Male) |
| 21:12 | Create | Villager (Male) |
| 21:12 | Create | Villager (Male) |
| 21:29 | Create | Villager (Male) |
| 21:34 | Create | Villager (Male) |
| 21:39 | Create | Villager (Male) |
| 21:46 | Create | Villager (Male) |
| 21:47 | Create | Villager (Male) |
| 22:02 | Create | Villager (Male) |
| 22:06 | Create | Villager (Male) |
| 22:15 | Build | House |
| 22:32 | Create | Villager (Male) |
| 22:33 | Create | Villager (Male) |
| 22:36 | Create | Villager (Male) |
| 22:37 | Create | Villager (Male) |
| 22:41 | Create | Villager (Male) |
| 22:52 | Build | Farm |
| 22:53 | Build | Farm |
| 22:54 | Build | Farm |
| 22:57 | Build | Farm |
| 22:58 | Build | Farm |
| 22:58 | Build | Farm |
| 23:01 | Build | Farm |
| 23:02 | Build | Farm |
| 23:03 | Build | Farm |
| 23:04 | Research | Horse Collar |
| 23:06 | Create | Villager (Male) |
| 23:07 | Create | Villager (Male) |
| 23:10 | Create | Villager (Male) |
| 23:10 | Create | Villager (Male) |
| 23:10 | Create | Villager (Male) |
| 23:17 | Build | Mining Camp |
| 23:18 | Create | Villager (Male) |
| 23:24 | Create | Villager (Male) |
| 23:26 | Build | House |
| 23:27 | Build | House |
| 23:28 | Build | House |
| 23:29 | Build | House |
| 23:30 | Build | House |
| 23:31 | Create | Villager (Male) |
| 23:33 | Create | Villager (Male) |
| 23:33 | Create | Villager (Male) |
| 23:51 | Build | Lumber Camp |
| 23:52 | Create | Villager (Male) |
| 23:54 | Create | Villager (Male) |
| 23:56 | Create | Villager (Male) |
| 24:00 | Create | Villager (Male) |
| 24:04 | Build | House |
| 24:05 | Build | House |
| 24:06 | Build | House |
| 24:07 | Build | House |
| 24:08 | Build | House |
| 24:16 | Create | Villager (Male) |
| 24:18 | Create | Villager (Male) |
| 24:21 | Create | Villager (Male) |
| 24:26 | Build | Mill |
| 24:30 | Research | Gold Mining |
| 24:41 | Create | Villager (Male) |
| 24:53 | Create | Villager (Male) |
| 24:54 | Create | Villager (Male) |
| 24:54 | Create | Villager (Male) |
| 24:56 | Create | Villager (Male) |
| 24:59 | Create | Villager (Male) |
| 25:09 | Create | Villager (Male) |
| 25:18 | Create | Villager (Male) |
Build order — TheSleepyBishop
First 150 of 759 actions detected
| 0:09 | Build | Dock |
| 1:02 | Build | Town Center |
| 3:02 | Create | Villager (Male) |
| 3:02 | Create | Villager (Male) |
| 3:02 | Create | Villager (Male) |
| 3:02 | Create | Villager (Male) |
| 3:05 | Create | Villager (Male) |
| 3:05 | Create | Villager (Male) |
| 3:06 | Create | Villager (Male) |
| 3:50 | Create | Fishing Ship |
| 4:23 | Build | House |
| 4:46 | Create | Villager (Male) |
| 5:12 | Create | Fishing Ship |
| 5:13 | Create | Fishing Ship |
| 5:42 | Create | Villager (Male) |
| 5:42 | Create | Villager (Male) |
| 5:42 | Create | Villager (Male) |
| 5:42 | Create | Villager (Male) |
| 5:44 | Create | Fishing Ship |
| 6:06 | Build | House |
| 6:14 | Create | Villager (Male) |
| 6:14 | Create | Villager (Male) |
| 6:35 | Create | Villager (Male) |
| 6:35 | Create | Villager (Male) |
| 6:35 | Create | Villager (Male) |
| 6:59 | Create | Villager (Male) |
| 6:59 | Create | Villager (Male) |
| 6:59 | Create | Villager (Male) |
| 7:06 | Create | Fishing Ship |
| 7:20 | Create | Villager (Male) |
| 7:24 | Create | Villager (Male) |
| 7:24 | Create | Villager (Male) |
| 7:38 | Create | Villager (Male) |
| 7:38 | Create | Villager (Male) |
| 7:45 | Build | House |
| 7:53 | Create | Fishing Ship |
| 8:05 | Build | House |
| 8:27 | Create | Fishing Ship |
| 8:54 | Create | Fishing Ship |
| 8:59 | Create | Villager (Male) |
| 9:13 | Research | Loom |
| 9:20 | Create | Villager (Male) |
| 9:20 | Create | Villager (Male) |
| 9:38 | Build | Dock |
| 9:43 | Build | Dock |
| 9:48 | Build | House |
| 9:58 | Create | Fishing Ship |
| 10:15 | Create | Villager (Male) |
| 10:16 | Create | Villager (Male) |
| 10:28 | Build | Lumber Camp |
| 10:48 | Create | Fishing Ship |
| 11:03 | Create | Villager (Male) |
| 11:03 | Create | Villager (Male) |
| 11:05 | Create | Fishing Ship |
| 11:14 | Build | House |
| 11:43 | Build | Dock |
| 11:46 | Research | Loom |
| 12:09 | Build | Mining Camp |
| 12:17 | Create | Fishing Ship |
| 12:18 | Create | Fishing Ship |
| 12:37 | Research | Feudal Age |
| 12:41 | Build | House |
| 12:46 | Create | Fishing Ship |
| 12:46 | Create | Fishing Ship |
| 13:17 | Build | Mill |
| 14:08 | Create | Villager (Male) |
| 14:08 | Create | Villager (Male) |
| 14:47 | Age | Feudal Age |
| 14:57 | Build | Market |
| 15:01 | Build | Blacksmith |
| 15:20 | Research | Tech 906 |
| 15:50 | Research | Castle Age |
| 15:51 | Research | Castle Age |
| 16:13 | Research | Tech 906 |
| 16:30 | Create | Unit 2626 |
| 16:30 | Create | Unit 2626 |
| 16:30 | Create | Unit 2626 |
| 16:30 | Create | Unit 2626 |
| 16:31 | Create | Unit 2626 |
| 16:58 | Research | Horse Collar |
| 17:03 | Research | Double-Bit Axe |
| 17:13 | Build | House |
| 17:15 | Build | House |
| 17:16 | Build | House |
| 17:17 | Build | House |
| 17:21 | Research | Wheelbarrow |
| 17:26 | Create | Villager (Male) |
| 17:26 | Create | Villager (Male) |
| 18:30 | Age | Castle Age |
| 18:34 | Build | Town Center |
| 18:35 | Create | Villager (Male) |
| 18:35 | Create | Villager (Male) |
| 19:13 | Build | Town Center |
| 19:17 | Research | Bow Saw |
| 19:32 | Create | Villager (Male) |
| 19:32 | Create | Villager (Male) |
| 19:39 | Create | Villager (Male) |
| 19:39 | Create | Villager (Male) |
| 20:18 | Build | Town Center |
| 20:25 | Create | Villager (Male) |
| 20:30 | Create | Villager (Male) |
| 20:30 | Create | Villager (Male) |
| 20:42 | Research | Wheelbarrow |
| 20:49 | Research | Gillnets |
| 20:52 | Build | House |
| 21:06 | Research | Horse Collar |
| 21:10 | Create | Villager (Male) |
| 21:13 | Research | Gold Mining |
| 21:13 | Research | Stone Mining |
| 21:23 | Create | Villager (Male) |
| 21:23 | Create | Villager (Male) |
| 21:23 | Create | Villager (Male) |
| 21:35 | Research | Heavy Plow |
| 21:38 | Create | Villager (Male) |
| 21:44 | Create | Villager (Male) |
| 21:47 | Create | Villager (Male) |
| 21:47 | Create | Villager (Male) |
| 22:08 | Create | Villager (Male) |
| 22:08 | Create | Villager (Male) |
| 22:08 | Create | Villager (Male) |
| 22:22 | Build | Dock |
| 22:24 | Build | Palisade Wall |
| 22:32 | Create | Villager (Male) |
| 22:32 | Create | Villager (Male) |
| 22:36 | Research | Fletching |
| 22:44 | Create | Villager (Male) |
| 22:44 | Create | Villager (Male) |
| 22:49 | Create | Villager (Male) |
| 23:01 | Build | Watch Tower |
| 23:07 | Create | Villager (Male) |
| 23:07 | Create | Villager (Male) |
| 23:19 | Build | University |
| 23:21 | Create | Villager (Male) |
| 23:21 | Create | Villager (Male) |
| 23:30 | Create | Villager (Male) |
| 23:35 | Build | Lumber Camp |
| 23:52 | Build | Stone Wall |
| 24:23 | Build | Building 487 |
| 24:43 | Create | Villager (Male) |
| 24:43 | Create | Villager (Male) |
| 24:49 | Research | Hand Cart |
| 24:55 | Build | Stone Wall |
| 24:58 | Build | Stone Wall |
| 25:00 | Create | Villager (Male) |
| 25:00 | Create | Villager (Male) |
| 25:09 | Build | Lumber Camp |
| 25:34 | Build | Fish Trap |
| 25:35 | Build | Fish Trap |
| 25:36 | Build | Fish Trap |
| 25:37 | Build | Fish Trap |
Build order — 105er.ahnungslos90
First 150 of 1065 actions detected
| 1:09 | Build | Dock |
| 1:25 | Build | Town Center |
| 1:47 | Build | House |
| 1:51 | Build | House |
| 3:17 | Create | Villager (Male) |
| 3:17 | Create | Villager (Male) |
| 3:17 | Create | Villager (Male) |
| 3:21 | Create | Villager (Male) |
| 4:03 | Create | Fishing Ship |
| 4:59 | Build | House |
| 5:00 | Research | Loom |
| 5:29 | Create | Villager (Male) |
| 5:38 | Build | House |
| 5:57 | Create | Villager (Male) |
| 6:23 | Create | Villager (Male) |
| 6:35 | Create | Fishing Ship |
| 6:51 | Create | Villager (Male) |
| 7:14 | Create | Villager (Male) |
| 7:15 | Create | Villager (Male) |
| 7:44 | Build | House |
| 7:49 | Build | Palisade Wall |
| 7:53 | Create | Villager (Male) |
| 8:34 | Create | Villager (Male) |
| 8:35 | Create | Villager (Male) |
| 9:15 | Build | Mill |
| 9:22 | Create | Villager (Male) |
| 9:47 | Create | Villager (Male) |
| 9:48 | Create | Villager (Male) |
| 10:19 | Create | Villager (Male) |
| 10:26 | Build | House |
| 11:15 | Build | Mining Camp |
| 11:26 | Create | Villager (Male) |
| 11:26 | Create | Villager (Male) |
| 11:28 | Research | Feudal Age |
| 12:23 | Build | Lumber Camp |
| 13:47 | Create | Villager (Male) |
| 13:48 | Create | Villager (Male) |
| 14:01 | Age | Feudal Age |
| 14:04 | Build | Market |
| 14:27 | Build | Blacksmith |
| 15:04 | Research | Castle Age |
| 15:16 | Research | Double-Bit Axe |
| 15:33 | Build | Farm |
| 15:50 | Build | Farm |
| 16:00 | Build | House |
| 16:23 | Build | House |
| 16:26 | Build | House |
| 17:07 | Research | Horse Collar |
| 17:23 | Create | Villager (Male) |
| 17:44 | Age | Castle Age |
| 17:46 | Build | Town Center |
| 17:53 | Create | Villager (Male) |
| 18:02 | Research | Bow Saw |
| 18:37 | Research | Gold Mining |
| 18:38 | Create | Villager (Male) |
| 18:38 | Create | Villager (Male) |
| 18:38 | Create | Villager (Male) |
| 18:41 | Research | Town Watch |
| 18:48 | Build | Farm |
| 18:52 | Build | Farm |
| 19:07 | Build | Farm |
| 19:35 | Create | Villager (Male) |
| 19:36 | Create | Villager (Male) |
| 19:36 | Research | Wheelbarrow |
| 19:50 | Build | Farm |
| 19:57 | Create | Villager (Male) |
| 19:57 | Create | Villager (Male) |
| 19:57 | Create | Villager (Male) |
| 20:17 | Create | Villager (Male) |
| 20:18 | Create | Villager (Male) |
| 20:30 | Create | Villager (Male) |
| 20:30 | Create | Villager (Male) |
| 21:03 | Build | Town Center |
| 21:10 | Create | Villager (Male) |
| 21:10 | Create | Villager (Male) |
| 21:11 | Create | Villager (Male) |
| 22:15 | Build | Farm |
| 22:18 | Build | Farm |
| 22:33 | Create | Villager (Male) |
| 22:34 | Create | Villager (Male) |
| 22:34 | Create | Villager (Male) |
| 22:40 | Build | House |
| 22:45 | Create | Villager (Male) |
| 22:46 | Create | Villager (Male) |
| 22:48 | Research | Hand Cart |
| 23:22 | Build | Farm |
| 23:24 | Build | Farm |
| 23:27 | Build | Farm |
| 23:44 | Create | Villager (Male) |
| 23:44 | Create | Villager (Male) |
| 23:48 | Build | Farm |
| 23:50 | Build | Farm |
| 23:53 | Build | Farm |
| 23:59 | Create | Villager (Male) |
| 23:59 | Create | Villager (Male) |
| 23:59 | Create | Villager (Male) |
| 24:12 | Build | Mining Camp |
| 24:22 | Build | Barracks |
| 24:42 | Create | Villager (Male) |
| 24:43 | Create | Villager (Male) |
| 24:52 | Build | University |
| 25:03 | Create | Villager (Male) |
| 25:04 | Create | Villager (Male) |
| 25:29 | Build | Monastery |
| 25:38 | Create | Villager (Male) |
| 25:38 | Create | Villager (Male) |
| 25:39 | Create | Villager (Male) |
| 25:39 | Create | Villager (Male) |
| 25:39 | Create | Villager (Male) |
| 25:45 | Research | Scale Barding Armor |
| 25:55 | Build | Mining Camp |
| 25:58 | Create | Villager (Male) |
| 25:59 | Create | Villager (Male) |
| 25:59 | Create | Villager (Male) |
| 25:59 | Create | Villager (Male) |
| 25:59 | Create | Villager (Male) |
| 26:00 | Create | Villager (Male) |
| 26:00 | Create | Villager (Male) |
| 26:00 | Create | Villager (Male) |
| 26:00 | Create | Villager (Male) |
| 26:01 | Create | Villager (Male) |
| 26:22 | Build | House |
| 26:25 | Build | House |
| 26:27 | Research | Imperial Age |
| 26:35 | Create | Monk |
| 26:40 | Build | House |
| 26:42 | Build | House |
| 26:43 | Build | House |
| 26:52 | Create | Villager (Male) |
| 26:53 | Create | Villager (Male) |
| 26:53 | Create | Villager (Male) |
| 26:53 | Create | Villager (Male) |
| 26:53 | Create | Villager (Male) |
| 26:53 | Create | Villager (Male) |
| 27:24 | Build | Lumber Camp |
| 27:25 | Create | Villager (Male) |
| 27:56 | Build | Stable |
| 28:01 | Build | Stable |
| 28:10 | Research | Chain Barding Armor |
| 28:16 | Create | Villager (Male) |
| 28:17 | Create | Villager (Male) |
| 28:17 | Create | Villager (Male) |
| 28:17 | Create | Villager (Male) |
| 28:20 | Create | Villager (Male) |
| 28:20 | Create | Villager (Male) |
| 28:20 | Create | Villager (Male) |
| 28:23 | Build | Farm |
| 28:24 | Build | Farm |
| 28:29 | Build | Lumber Camp |
| 28:31 | Create | Villager (Male) |
Match timeline
| 0:09 | TheSleepyBishop · first_building Dock |
| 0:45 | Player_3 · first_building Dock |
| 0:47 | Iguanarama · first_building Dock |
| 1:09 | 105er.ahnungslos90 · first_building Dock |
| 2:43 | MythicKilobyte · first_building Dock |
| 2:58 | Moshaaa · first_building Dock |
| 3:06 | Snrcrackles · first_building Dock |
| 3:26 | hannah · first_building Dock |
| 7:49 | 105er.ahnungslos90 · wall_segment Palisade Wall x1 |
| 9:53 | MythicKilobyte · wall_segment Palisade Wall x9 |
| 11:24 | Moshaaa · wall_segment Palisade Wall x7 |
| 11:58 | Player_3 · wall_segment Palisade Wall x1 |
| 11:58 | Player_3 · wall_segment Palisade Wall x1 |
| 11:58 | Player_3 · wall_segment Palisade Wall x1 |
| 11:59 | Player_3 · wall_segment Palisade Wall x2 |
| 13:08 | MythicKilobyte · first_building Barracks |
| 13:13 | Iguanarama · age_up feudal |
| 13:22 | Player_3 · age_up feudal |
| 13:49 | Moshaaa · wall_segment Palisade Wall x1 |
| 14:01 | 105er.ahnungslos90 · age_up feudal |
| 14:12 | hannah · age_up feudal |
| 14:16 | Snrcrackles · age_up feudal |
| 14:47 | TheSleepyBishop · age_up feudal |
| 14:57 | hannah · first_market_sell 100 wood |
| 15:21 | Moshaaa · age_up feudal |
| 15:24 | MythicKilobyte · age_up feudal |
| 15:28 | MythicKilobyte · first_building Archery Range |
| 16:52 | Player_3 · age_up castle |
| 17:06 | Player_3 · first_market_buy 100 food |
| 17:07 | hannah · first_market_buy 100 wood |
| 17:37 | Moshaaa · wall_segment Palisade Wall x1 |
| 17:38 | Moshaaa · wall_segment Palisade Wall x1 |
| 17:41 | Moshaaa · wall_segment Palisade Wall x1 |
| 17:42 | Moshaaa · wall_segment Palisade Wall x1 |
| 17:42 | hannah · age_up castle |
| 17:44 | 105er.ahnungslos90 · age_up castle |
| 17:44 | Moshaaa · wall_segment Palisade Wall x8 |
| 18:19 | Snrcrackles · age_up castle |
| 18:19 | Player_3 · first_market_sell 100 wood |
| 18:30 | TheSleepyBishop · age_up castle |
| 18:51 | Moshaaa · age_up castle |
| 18:55 | Moshaaa · first_building Castle |
| 18:56 | MythicKilobyte · age_up castle |
| 19:10 | TheSleepyBishop · first_market_buy 100 wood |
| 19:37 | Iguanarama · age_up castle |
| 20:53 | Moshaaa · first_market_buy 100 stone |
| 20:58 | hannah · first_building Monastery |
| 22:24 | TheSleepyBishop · wall_segment Palisade Wall x1 |
| 23:52 | TheSleepyBishop · wall_segment Stone Wall x6 |
| 24:22 | 105er.ahnungslos90 · first_building Barracks |
| 24:27 | Snrcrackles · first_building Barracks |
| 24:55 | TheSleepyBishop · wall_segment Stone Wall x5 |
| 24:58 | TheSleepyBishop · wall_segment Stone Wall x14 |
| 25:29 | 105er.ahnungslos90 · first_building Monastery |
| 26:19 | 105er.ahnungslos90 · first_market_sell 100 food |
| 26:36 | Iguanarama · first_market_buy 100 wood |
| 26:43 | Snrcrackles · first_building Monastery |
| 27:01 | TheSleepyBishop · wall_segment Stone Wall x8 |
| 27:05 | Iguanarama · first_building Barracks |
| 27:31 | Player_3 · first_building Monastery |
| 27:45 | Snrcrackles · first_market_sell 100 food |
| 27:56 | 105er.ahnungslos90 · first_building Stable |
| 28:23 | Snrcrackles · first_building Archery Range |
| 28:32 | Player_3 · first_building Castle |
| 28:45 | Player_3 · first_building Barracks |
| 29:09 | Iguanarama · first_building Monastery |
| 29:34 | Player_3 · first_building Stable |
| 29:37 | 105er.ahnungslos90 · age_up imperial |
| 29:44 | 105er.ahnungslos90 · first_market_buy 100 food |
| 29:58 | hannah · first_building Castle |
| 30:24 | Snrcrackles · first_building Castle |
| 30:36 | MythicKilobyte · first_building Monastery |
| 30:50 | hannah · first_building Barracks |
| 31:01 | Snrcrackles · age_up imperial |
| 31:12 | Iguanarama · first_market_sell 100 wood |
| 31:17 | TheSleepyBishop · first_building Siege Workshop |
| 31:42 | Player_3 · age_up imperial |
| 31:56 | Player_3 · first_building Siege Workshop |
| 32:08 | hannah · first_building Archery Range |
| 32:16 | MythicKilobyte · first_building Stable |
| 32:52 | Snrcrackles · first_building Stable |
| 33:00 | TheSleepyBishop · first_building Castle |
| 33:07 | Iguanarama · first_building Castle |
| 33:31 | hannah · first_building Stable |
| 33:34 | hannah · age_up imperial |
| 33:39 | Iguanarama · first_building Stable |
| 34:18 | MythicKilobyte · age_up imperial |
| 34:45 | Iguanarama · age_up imperial |
| 34:47 | TheSleepyBishop · first_market_sell 500 wood |
| 35:00 | TheSleepyBishop · age_up imperial |
| 35:45 | MythicKilobyte · first_building Castle |
| 35:46 | 105er.ahnungslos90 · first_building Castle |
| 35:54 | hannah · wall_segment Stone Wall x6 |
| 36:05 | Moshaaa · resign |
| 37:34 | MythicKilobyte · first_building Siege Workshop |
| 39:14 | TheSleepyBishop · first_building Barracks |
| 40:02 | 105er.ahnungslos90 · wall_segment Stone Wall x13 |
| 41:47 | MythicKilobyte · first_market_sell 500 food |
| 44:00 | MythicKilobyte · first_market_buy 100 stone |
| 47:45 | hannah · wall_segment Stone Wall x6 |
| 47:48 | hannah · wall_segment Stone Wall x7 |
| 47:53 | hannah · wall_segment Stone Wall x11 |
| 49:12 | hannah · wall_segment Stone Wall x4 |
| 49:14 | hannah · wall_segment Stone Wall x5 |
| 49:16 | hannah · wall_segment Stone Wall x9 |
| 49:19 | hannah · wall_segment Stone Wall x2 |
| 49:19 | hannah · wall_segment Stone Wall x1 |
| 50:34 | hannah · wall_segment Stone Wall x7 |
| 51:21 | hannah · wall_segment Stone Wall x4 |
| 51:22 | hannah · wall_segment Stone Wall x7 |
| 52:32 | hannah · wall_segment Stone Wall x7 |
| 53:30 | hannah · wall_segment Stone Wall x11 |
| 53:36 | hannah · wall_segment Stone Wall x11 |
| 54:15 | hannah · tribute_sent a jugador 1 |
| 54:15 | hannah · tribute_sent a jugador 2 |
| 54:15 | hannah · tribute_sent a jugador 3 |
| 54:15 | hannah · tribute_sent a jugador 4 |
| 54:15 | hannah · tribute_sent a jugador 6 |
| 54:15 | hannah · tribute_sent a jugador 7 |
| 54:15 | hannah · tribute_sent a jugador 8 |
| 54:52 | hannah · wall_segment Stone Wall x12 |
| 55:06 | hannah · wall_segment Stone Wall x13 |
| 58:47 | hannah · first_building Siege Workshop |
| 60:43 | TheSleepyBishop · tribute_sent a jugador 1 |
| 60:43 | TheSleepyBishop · tribute_sent a jugador 2 |
| 60:43 | TheSleepyBishop · tribute_sent a jugador 3 |
| 60:43 | TheSleepyBishop · tribute_sent a jugador 4 |
| 60:43 | TheSleepyBishop · tribute_sent a jugador 5 |
| 60:43 | TheSleepyBishop · tribute_sent a jugador 6 |
| 60:43 | TheSleepyBishop · tribute_sent a jugador 8 |
| 61:44 | 105er.ahnungslos90 · first_building Archery Range |
| 64:26 | MythicKilobyte · tribute_sent a jugador 1 |
| 64:26 | MythicKilobyte · tribute_sent a jugador 2 |
| 64:26 | MythicKilobyte · tribute_sent a jugador 4 |
| 64:26 | MythicKilobyte · tribute_sent a jugador 5 |
| 64:26 | MythicKilobyte · tribute_sent a jugador 6 |
| 64:26 | MythicKilobyte · tribute_sent a jugador 7 |
| 64:26 | MythicKilobyte · tribute_sent a jugador 8 |
| 64:28 | TheSleepyBishop · tribute_sent a jugador 1 |
| 64:28 | TheSleepyBishop · tribute_sent a jugador 2 |
| 64:28 | TheSleepyBishop · tribute_sent a jugador 3 |
| 64:28 | TheSleepyBishop · tribute_sent a jugador 4 |
| 64:28 | TheSleepyBishop · tribute_sent a jugador 5 |
| 64:28 | TheSleepyBishop · tribute_sent a jugador 6 |
| 64:28 | TheSleepyBishop · tribute_sent a jugador 8 |
| 64:49 | MythicKilobyte · tribute_sent a jugador 1 |
| 64:49 | MythicKilobyte · tribute_sent a jugador 2 |
| 64:49 | MythicKilobyte · tribute_sent a jugador 4 |
| 64:49 | MythicKilobyte · tribute_sent a jugador 5 |
| 64:49 | MythicKilobyte · tribute_sent a jugador 6 |
| 64:49 | MythicKilobyte · tribute_sent a jugador 7 |
| 64:49 | MythicKilobyte · tribute_sent a jugador 8 |
| 64:57 | MythicKilobyte · tribute_sent a jugador 1 |
| 64:57 | MythicKilobyte · tribute_sent a jugador 2 |
| 64:57 | MythicKilobyte · tribute_sent a jugador 4 |
| 64:57 | MythicKilobyte · tribute_sent a jugador 5 |
| 64:57 | MythicKilobyte · tribute_sent a jugador 6 |
| 64:57 | MythicKilobyte · tribute_sent a jugador 7 |
| 64:57 | MythicKilobyte · tribute_sent a jugador 8 |
| 65:14 | hannah · wall_segment Stone Wall x2 |
| 65:44 | hannah · wall_segment Stone Wall x5 |
| 65:47 | hannah · wall_segment Stone Wall x2 |
| 66:20 | Snrcrackles · tribute_sent a jugador 1 |
| 66:20 | Snrcrackles · tribute_sent a jugador 2 |
| 66:20 | Snrcrackles · tribute_sent a jugador 3 |
| 66:20 | Snrcrackles · tribute_sent a jugador 5 |
| 66:20 | Snrcrackles · tribute_sent a jugador 6 |
| 66:20 | Snrcrackles · tribute_sent a jugador 7 |
| 66:20 | Snrcrackles · tribute_sent a jugador 8 |
| 66:20 | Player_3 · tribute_sent a jugador 1 |
| 66:20 | Player_3 · tribute_sent a jugador 2 |
| 66:20 | Player_3 · tribute_sent a jugador 3 |
| 66:20 | Player_3 · tribute_sent a jugador 4 |
| 66:20 | Player_3 · tribute_sent a jugador 5 |
| 66:20 | Player_3 · tribute_sent a jugador 7 |
| 66:20 | Player_3 · tribute_sent a jugador 8 |
| 69:07 | hannah · wall_segment Stone Wall x9 |
| 69:31 | Snrcrackles · first_market_buy 100 stone |
| 72:35 | Iguanarama · tribute_sent a jugador 2 |
| 72:35 | Iguanarama · tribute_sent a jugador 3 |
| 72:35 | Iguanarama · tribute_sent a jugador 4 |
| 72:35 | Iguanarama · tribute_sent a jugador 5 |
| 72:35 | Iguanarama · tribute_sent a jugador 6 |
| 72:35 | Iguanarama · tribute_sent a jugador 7 |
| 72:35 | Iguanarama · tribute_sent a jugador 8 |
| 72:38 | TheSleepyBishop · tribute_sent a jugador 1 |
| 72:38 | TheSleepyBishop · tribute_sent a jugador 2 |
| 72:38 | TheSleepyBishop · tribute_sent a jugador 3 |
| 72:38 | TheSleepyBishop · tribute_sent a jugador 4 |
| 72:38 | TheSleepyBishop · tribute_sent a jugador 5 |
| 72:38 | TheSleepyBishop · tribute_sent a jugador 6 |
| 72:38 | TheSleepyBishop · tribute_sent a jugador 8 |
| 74:15 | Snrcrackles · tribute_sent a jugador 1 |
| 74:15 | Snrcrackles · tribute_sent a jugador 2 |
| 74:15 | Snrcrackles · tribute_sent a jugador 3 |
| 74:15 | Snrcrackles · tribute_sent a jugador 5 |
| 74:15 | Snrcrackles · tribute_sent a jugador 6 |
| 74:15 | Snrcrackles · tribute_sent a jugador 7 |
| 74:15 | Snrcrackles · tribute_sent a jugador 8 |
| 74:40 | Snrcrackles · tribute_sent a jugador 1 |
| 74:40 | Snrcrackles · tribute_sent a jugador 2 |
| 74:40 | Snrcrackles · tribute_sent a jugador 3 |
| 74:40 | Snrcrackles · tribute_sent a jugador 5 |
| 74:40 | Snrcrackles · tribute_sent a jugador 6 |
| 74:40 | Snrcrackles · tribute_sent a jugador 7 |
| 74:40 | Snrcrackles · tribute_sent a jugador 8 |
[ AI ANALYSIS · 1 CREDIT ]
What really happened in this match?
Wolo.gg analyzes every decision: build order, eco, micro, common mistakes by bracket. Personalized analysis on WhatsApp or Discord in 30 seconds.
Civ guide
Spanish
Perfil
Jugador #2822808